 Dungeon Crawl Stone Soup version 0.19.0-2-gae57169 (webtiles) character file.

19265 lorenzova the Eclecticist (level 12, -8/59 HPs)
             Began as a Deep Elf Conjurer on Nov 3, 2016.
             Was a High Priest of Vehumet.
             Mangled by a five-headed hydra (11 damage)
             ... on level 1 of the Lair of Beasts.
             The game lasted 00:41:37 (17525 turns).

lorenzova the Eclecticist (Deep Elf Conjurer)      Turns: 17525, Time: 00:41:39

Health: -8/59      AC:  4    Str: 10    XL:     12   Next: 35%
Magic:  0/33       EV: 12    Int: 31    God:    Vehumet [*****.]
Gold:   802        SH:  4    Dex: 19    Spells: 7 memorised, 17 levels left

rFire  + . .     SeeInvis .     d - +10 hand axe "Nuottu Nef" {chop, +Inv rF+ Dex+4}
rCold  + . .     Gourm    .     e - +2 robe {MR+}
rNeg   . . .     Faith    .     x - +0 buckler {rC+}
rPois  .         Spirit   +     a - +0 hat "Mots" {rCorr Str+2}
rElec  .         Reflect  .     (no cloak)
rCorr  +         Harm     .     (no gloves)
MR     ++...                    (no boots)
Stlth  ++........               r - amulet of guardian spirit
                                l - +2 ring of intelligence
                                y - ring "Neshosk" {+Fly Str+3 Int+3}

@: repel missiles
A: no striking features
a: Renounce Religion, Evoke Invisibility, Evoke Flight


You were on level 1 of the Lair of Beasts.
You worshipped Vehumet.
Vehumet was extremely pleased with you.
You were hungry.

You visited 3 branches of the dungeon, and saw 13 of its levels.
You also visited: Ice Cave.

You collected 802 gold pieces.

Inventory:

Hand Weapons
 d - the +10 hand axe "Nuottu Nef" (weapon) {chop, +Inv rF+ Dex+4}
   (You found it on level 10 of the Dungeon)

   It inflicts extra damage upon your enemies.
   It affects your dexterity (+4).
   It protects you from fire.
   It lets you turn invisible.
 M - the +7 dagger of the Median {drain, rF+ rN+}
   (You found it on level 9 of the Dungeon)

   A truly terrible weapon, it drains the life of those it strikes.
   It protects you from fire.
   It protects you from negative energy.
Armour
 a - the +0 hat "Mots" (worn) {rCorr Str+2}
   (You found it in an ice cave)

   It affects your strength (+2).
   It protects you from acid and corrosion.
 e - a +2 robe of magic resistance (worn)
 x - a +0 buckler of cold resistance (worn)
 A - a +0 buckler
 G - a +0 helmet
 N - a +3 ring mail
Jewellery
 l - a +2 ring of intelligence (right hand)
 r - an amulet of guardian spirit (around neck)
 y - the ring "Neshosk" (left hand) {+Fly Str+3 Int+3}
   (You found it on level 5 of the Dungeon)

   [ring of flight]

   It affects your strength (+3).
   It affects your intelligence (+3).
   It lets you fly.
Wands
 R - a wand of confusion (15/48)
 S - a wand of lightning (9/15)
Scrolls
 f - 2 scrolls of amnesia
 g - 9 scrolls of remove curse
 h - 2 scrolls of enchant weapon {unknown}
 j - 4 scrolls of magic mapping {unknown}
 m - 4 scrolls of recharging {unknown}
 o - 5 scrolls of teleportation {unknown}
 p - 4 scrolls of enchant armour {unknown}
 s - 4 scrolls of fog {unknown}
 C - 2 scrolls of immolation {unknown}
 D - 3 scrolls of blinking {unknown}
 F - 4 scrolls of fear {unknown}
 K - a scroll of random uselessness {unknown}
 O - 2 scrolls of identify
Potions
 k - 2 potions of mutation
 q - a potion of flight
 t - 2 potions of might
 u - a potion of heal wounds
 v - 8 potions of curing
 w - 3 potions of lignification {unknown}
 E - a potion of cure mutation {unknown}
 I - 4 potions of degeneration {unknown}
 J - a potion of ambrosia {unknown}
 L - a potion of cancellation {unknown}
 Q - a potion of haste {unknown}
 U - a potion of beneficial mutation {unknown}
Books
 b - a book of Conjurations

   Spells                             Type                      Level
   a - Magic Dart                     Conjuration                  1
   b - Searing Ray                    Conjuration                  2
   c - Dazzling Spray                 Conjuration/Hexes            3
   d - Fulminant Prism                Conjuration/Hexes            4
   e - Iskenderun's Mystic Blast      Conjuration                  4
   f - Iskenderun's Battlesphere      Conjuration/Charms           5
 n - a book of Battle

   Spells                             Type                      Level
   a - Infusion                       Charms                       1
   b - Shroud of Golubria             Charms/Translocation         2
   c - Song of Slaying                Charms                       2
   d - Spectral Weapon                Hexes/Charms                 3
   e - Regeneration                   Charms/Necromancy            3
 z - a book of Changes

   Spells                             Type                      Level
   a - Beastly Appendage              Transmutation                1
   b - Sticks to Snakes               Transmutation                2
   c - Spider Form                    Transmutation/Poison         3
   d - Ice Form                       Ice/Transmutation            4
   e - Blade Hands                    Transmutation                5
 B - a book of Geomancy

   Spells                             Type                      Level
   a - Sandblast                      Earth                        1
   b - Passwall                       Transmutation/Earth          2
   c - Stone Arrow                    Conjuration/Earth            3
   d - Petrify                        Transmutation/Earth          4
   e - Lee's Rapid Deconstruction     Earth                        5
 H - the Papyrus of Weightlessness
   (You found it on level 8 of the Dungeon)

   Spells                             Type                      Level
   a - Repel Missiles                 Charms/Air                   2
   b - Mephitic Cloud                 Conjuration/Poison/Air       3
   c - Summon Lightning Spire         Summoning/Air                4
   d - Silence                        Hexes/Air                    5
   e - Poisonous Cloud                Conjuration/Poison/Air       6
 P - a book of Flames

   Spells                             Type                      Level
   a - Flame Tongue                   Conjuration/Fire             1
   b - Throw Flame                    Conjuration/Fire             2
   c - Conjure Flame                  Conjuration/Fire             3
   d - Inner Flame                    Hexes/Fire                   3
   e - Sticky Flame                   Conjuration/Fire             4
   f - Fireball                       Conjuration/Fire             5
Comestibles
 c - 7 bread rations
 i - 5 meat rations
 T - 7 fruits


   Skills:
 - Level 2.4 Dodging
 - Level 2.4 Stealth
 * Level 15.7 Spellcasting
 * Level 13.8 Conjurations
 - Level 10.3 Charms
 * Level 7.2 Fire Magic
 + Level 3.7 Evocations


You had 17 spell levels left.
You knew the following spells:

 Your Spells              Type           Power        Failure   Level  Hunger
a - Magic Dart            Conj           ####         0%          1    None
b - Iskenderun's Battles  Conj/Chrm      #######.     1%          5    None
c - Iskenderun's Mystic   Conj           #######.     1%          4    None
d - Fulminant Prism       Conj/Hex       ######....   1%          4    None
f - Fireball              Conj/Fire      ######....   1%          5    None
h - Repel Missiles        Chrm/Air       ######       1%          2    None
s - Sticky Flame          Conj/Fire      ######..     1%          4    None


Dungeon Overview and Level Annotations

Branches:
Dungeon (11/15)            Temple (1/1) D:6            Lair (1/6) D:9
    Orc: D:9-12

Altars:
Cheibriados
Dithmenos
Fedhas
Gozag
Hepliaklqana
Kikubaaqudgha
Makhleb
Okawaru
Qazlal
Ru
Sif Muna
Trog
Vehumet
Xom
Zin
The Shining One


Message History

A five-headed hydra is nearby!
Casting: Fireball
Confirm with . or Enter, or press ? or * to list all spells.
Aiming: Sticky Flame
Press: ? - help, Shift-Dir - straight line, f/p - five-headed hydra
Aim: a five-headed hydra (moderately wounded)
The sticky flame hits the five-headed hydra.
The five-headed hydra is moderately wounded.
The five-headed hydra is covered in liquid flames!
The five-headed hydra burns!
Your battlesphere fires!
The barrage of energy hits the five-headed hydra.
The five-headed hydra is heavily wounded.
The five-headed hydra bites you. The five-headed hydra bites you!
* * * LOW HITPOINT WARNING * * *
The five-headed hydra barely misses you.
The five-headed hydra bites you!
* * * LOW HITPOINT WARNING * * *
The five-headed hydra bites you!
You die...

.............##.#..#.....#.##
.............#.8..#...#.#.†#.
............#.............#..
............#8.>......8...+..
............#.............#..
.............#.8.##.......#..
.............#####.#.....####
...................###+.#....
............@D...###.....#...
...†..........<...#.....#....
..##..####....*.#.#...#.#..
### ###........8......
#........(...#..
#....#.#...#....
##>..##.....##..
###..##+...#... #P.........D.


You could see a five-headed hydra (burning) and a friendly battlesphere.

Vanquished Creatures
  An unseen horror (D:11)
  2 hill giants
  3 ugly things (D:11)
  Joseph (D:8)
  2 ice statues (IceCv)
  A black mamba (Lair:1)
  3 spiny frogs (Lair:1)
  3 gargoyles
  5 komodo dragons (Lair:1)
  9 ice devils (IceCv)
  A troll (D:11)
  A merfolk (D:9)
  4 blink frogs (Lair:1)
  A hippogriff (Lair:1)
  A two-headed ogre (D:10)
  A vampire (D:11)
  2 wyverns
  2 hungry ghosts
  Eustachio (D:5)
  10 yaks
  The ghost of Cokeysmoke the Gusty, an amateur TeAE (D:4)
  3 water moccasins
  5 ice beasts
  7 porcupines (Lair:1)
  6 orc warriors
  A phantom (D:9)
  2 black bears (D:9)
  2 sky beasts
  3 ogres
  4 wolves (Lair:1)
  A centaur (D:9)
  2 big kobolds
  A wyvern zombie (D:7)
  5 bullfrogs
  2 scorpions
  6 killer bees (D:7)
  3 wights (D:9)
  A vampire bat (Lair:1)
  7 crimson imps
  A quasit (D:11)
  5 orc priests
  2 hounds
  4 jellies
  A bullfrog zombie (D:5)
  A gnoll shaman (D:6)
  2 bullfrog skeletons
  3 centaur skeletons
  13 orc wizards
  Natasha (thrice) (D:4)
  2 iguanas
  9 worker ants
  A hound zombie (D:6)
  A hound skeleton (D:6)
  A worker ant zombie (D:10)
  7 gnolls
  13 adders
  A shadow imp (D:6)
  22 white imps
  4 ufetubi (IceCv)
  An ooze (D:5)
  An adder zombie (D:8)
  5 worms
  2 dart slugs (D:1)
  4 leopard geckos
  35 orcs
  4 ball pythons
  7 giant cockroaches
  13 goblins
  11 hobgoblins
  7 jackals
  15 kobolds
  8 quokkas
  17 bats
  4 frilled lizards
  9 rats
355 creatures vanquished.

Vanquished Creatures (others)
  A reaper (IceCv)
  5 white imps (IceCv)
  An ufetubus (IceCv)
  An orc (D:3)
  12 fulminant prisms (IceCv)
20 creatures vanquished.

Grand Total: 375 creatures vanquished

Notes
Turn   | Place    | Note
-------+----------+-------------------------------------------
     0 | D:1      | lorenzova the Deep Elf Conjurer began the quest for the Orb.
     0 | D:1      | Reached XP level 1. HP: 10/10 MP: 6/6
   620 | D:1      | Reached XP level 2. HP: 15/15 MP: 6/8
   896 | D:1      | Reached skill level 4 in Spellcasting
  1324 | D:2      | Reached XP level 3. HP: 19/19 MP: 7/10
  1330 | D:2      | Reached skill level 5 in Conjurations
  1651 | D:2      | Reached XP level 4. HP: 24/24 MP: 7/12
  1689 | D:2      | Learned a level 4 spell: Iskenderun's Mystic Blast
  1694 | D:2      | Reached skill level 5 in Spellcasting
  2443 | D:2      | Found a shimmering altar of Xom.
  2835 | D:3      | Reached XP level 5. HP: 26/28 MP: 6/15
  3164 | D:3      | Reached skill level 6 in Spellcasting
  3327 | D:3      | Found a burning altar of Makhleb.
  3480 | D:2      | Found a shadowy altar of Dithmenos.
  4080 | D:4      | Noticed Cokeysmoke's ghost (amateur TeAE)
  4494 | D:4      | Killed Cokeysmoke's ghost
  4494 | D:4      | Reached skill level 7 in Spellcasting
  4494 | D:4      | Reached XP level 6. HP: 32/32 MP: 1/18
  4607 | D:4      | Learned a level 5 spell: Iskenderun's Battlesphere
  4664 | D:4      | Noticed Natasha
  4670 | D:4      | Killed Natasha
  4959 | D:4      | Found a sacrificial altar of Ru.
  4986 | D:4      | Noticed Natasha
  4989 | D:4      | Killed Natasha
  4989 | D:4      | Reached skill level 1 in Charms
  4994 | D:4      | Noticed Natasha
  5000 | D:4      | Killed Natasha
  5120 | D:4      | Found a deep blue altar of Sif Muna.
  5237 | D:5      | Entered Level 5 of the Dungeon
  5355 | D:5      | Reached XP level 7. HP: 36/36 MP: 15/20
  5537 | D:5      | Noticed Eustachio
  5542 | D:5      | Killed Eustachio
  5542 | D:5      | Reached skill level 8 in Spellcasting
  5886 | D:5      | Got a clouded lapis lazuli ring
  6045 | D:5      | Found an iron altar of Okawaru.
  6827 | D:6      | Reached skill level 9 in Spellcasting
  6897 | D:6      | Noticed a hill giant
  7058 | D:6      | Found a stormy altar of Qazlal.
  7079 | D:6      | Reached XP level 8. HP: 12/41 MP: 2/23
  7458 | D:6      | Found a staircase to the Ecumenical Temple.
  7477 | Temple   | Entered the Ecumenical Temple
  7495 | Temple   | Became a worshipper of Vehumet
  7688 | D:6      | Reached skill level 10 in Spellcasting
  7930 | D:7      | Identified the ring "Neshosk" {+Fly Str+3 Int+3} (You found it on level 5 of the Dungeon)
  8048 | D:7      | Reached skill level 5 in Charms
  8641 | D:7      | Reached XP level 9. HP: 41/45 MP: 14/25
  9069 | D:7      | Reached skill level 11 in Spellcasting
  9090 | D:7      | Reached * piety under Vehumet
  9090 | D:7      | Offered knowledge of Sting by Vehumet.
  9404 | D:8      | Identified the Papyrus of Weightlessness
  9412 | D:8      | Reached skill level 10 in Conjurations
  9607 | D:8      | Learned a level 2 spell: Repel Missiles
  9629 | D:8      | Noticed Joseph
  9637 | D:8      | Killed Joseph
  9816 | D:8      | Reached skill level 12 in Spellcasting
 10406 | D:9      | Killed a hill giant
 10406 | D:9      | Reached XP level 10. HP: 50/50 MP: 7/28
 10512 | D:9      | Found an opulent altar of Gozag.
 10639 | D:9      | Found a staircase to the Lair.
 10673 | D:9      | Got a shimmering dagger
 10674 | D:9      | Identified the +7 dagger of the Median {drain, rF+ rN+} (You found it on level 9 of the Dungeon)
 10896 | D:9      | Learned a level 5 spell: Fireball
 10901 | D:9      | Learned a level 4 spell: Sticky Flame
 11261 | D:9      | Reached skill level 1 in Fire Magic
 11534 | D:10     | Entered Level 10 of the Dungeon
 11536 | D:10     | Offered knowledge of Freeze by Vehumet.
 11536 | D:10     | Reached skill level 13 in Spellcasting
 11583 | D:10     | Reached ** piety under Vehumet
 11687 | D:10     | Noticed a hill giant
 11693 | D:10     | Killed a hill giant
 11926 | D:10     | Noticed a gargoyle
 11930 | D:10     | Killed a gargoyle
 12427 | D:10     | Got a steaming hand axe
 12428 | D:10     | Identified the +10 hand axe "Nuottu Nef" {chop, +Inv rF+ Dex+4} (You found it on level 10 of the Dungeon)
 12703 | D:10     | Offered knowledge of Throw Frost by Vehumet.
 12796 | D:11     | Reached XP level 11. HP: 54/54 MP: 22/30
 12884 | D:11     | Reached skill level 14 in Spellcasting
 12885 | D:11     | Noticed a brown ugly thing
 12886 | D:11     | Killed a brown ugly thing
 12935 | D:11     | Reached *** piety under Vehumet
 12950 | D:11     | Found a frozen archway.
 13089 | IceCv    | Entered an ice cave
 13110 | IceCv    | Offered knowledge of Throw Icicle by Vehumet.
 13396 | IceCv    | Killed a reaper
 13546 | IceCv    | Learned a level 4 spell: Fulminant Prism
 13918 | IceCv    | Got a polished hat
 13931 | IceCv    | Identified the +0 hat "Mots" {rCorr Str+2} (You found it in an ice cave)
 14064 | IceCv    | Reached skill level 10 in Charms
 14560 | IceCv    | Reached **** piety under Vehumet
 15301 | IceCv    | Offered knowledge of Static Discharge by Vehumet.
 15610 | D:11     | Noticed a white ugly thing
 15616 | D:11     | Killed a white ugly thing
 15616 | D:11     | Reached skill level 5 in Fire Magic
 15616 | D:11     | Reached skill level 1 in Evocations
 15981 | D:11     | Noticed a brown ugly thing
 15986 | D:11     | Killed an unseen horror
 16000 | D:11     | Killed a brown ugly thing
 16000 | D:11     | Reached skill level 15 in Spellcasting
 16720 | Lair:1   | Entered Level 1 of the Lair of Beasts
 16877 | Lair:1   | Reached XP level 12. HP: 59/59 MP: 27/33
 17466 | Lair:1   | Noticed a five-headed hydra
 17487 | Lair:1   | Reached ***** piety under Vehumet
 17494 | Lair:1   | Offered knowledge of Force Lance by Vehumet.
 17525 | Lair:1   | Mangled by a five-headed hydra

Skill      XL: |  1  2  3  4  5  6  7  8  9 10 11 12 |
---------------+-------------------------------------+-----
Spellcasting   | 4 5 7 9 10 12 13 15 | 15.7
Conjurations   | 5 6 7 9 11 12 13 | 13.8
Charms         | 1 3 5 8 9 10 | 10.3
Fire Magic     | 3 6 7 |  7.2
Evocations     | 2 3 |  3.7
Dodging        | |  2.4
Stealth        | |  2.4

Action                   |  1- 3 |  4- 6 |  7- 9 | 10-12 || total
-------------------------+-------+-------+-------+-------++-------
Melee: Short sword       |       |       |     2 |       ||     2
       Dagger            |       |       |       |     3 ||     3
       Hand axe          |       |       |       |    13 ||    13
 Cast: Magic Dart        |    57 |   174 |   213 |   259 ||   703
       Iskenderun's Myst |       |     8 |    33 |    27 ||    68
       Iskenderun's Batt |       |       |    29 |    64 ||    93
       Repel Missiles    |       |       |     1 |       ||     1
       Fireball          |       |       |       |     8 ||     8
       Sticky Flame      |       |       |       |     4 ||     4
       Fulminant Prism   |       |       |       |    12 ||    12
  Use: Scroll            |       |     4 |     3 |     2 ||     9
       Potion            |       |       |     1 |     2 ||     3
 Stab: Sleeping          |       |       |       |     1 ||     1
  Eat: Chunk             |     2 |     7 |    15 |    17 ||    41
       Bread ration      |       |     1 |       |       ||     1
       Fruit             |       |       |     3 |       ||     3
       Beef jerky        |       |       |     1 |       ||     1
       Meat ration       |       |       |       |     1 ||     1
       Royal jelly       |       |       |       |     1 ||     1
Armor: Robe              |     1 |     5 |     6 |    10 ||    22
Dodge: Dodged            |     8 |    10 |    45 |    21 ||    84
       Deflected         |       |       |     1 |     3 ||     4
Block: Buckler           |       |       |       |     5 ||     5
